 Dungeon Crawl Stone Soup version 0.28.0 (webtiles) character file.

Game seed: 14359586274234938900

32 Morbidden the Skirmisher (level 3, -1/29 HPs)
             Began as a Demonspawn Fighter on Feb 15, 2022.
             Slain by a hobgoblin (2 damage)
             ... led by Robin
             ... on level 2 of the Dungeon.
             The game lasted 00:00:52 (1264 turns).

Morbidden the Skirmisher (Demonspawn Fighter)       Turns: 1264, Time: 00:00:52

Health: -1/29      AC:  8    Str: 18    XL:     3   Next: 8%
Magic:  3/3        EV:  9    Int:  9    God:
Gold:   33         SH:  4    Dex: 12    Spells: 2/2 levels left

rFire   . . .      SeeInvis .   a - +0 long sword
rCold   . . .      Faith    .   c - +0 buckler
rNeg    . . .      Spirit   .   b - +0 scale mail
rPois   .          Reflect  .   (no helmet)
rElec   .          Harm     .   (no cloak)
rCorr   .          Rampage  .   (no gloves)
Will    .....                   (no boots)
Stlth   ..........              (no amulet)
HPRegen 0.09/turn               (no ring)
MPRegen 0.08/turn               (no ring)

@: no status effects
A: slimy green scales 1, ignite blood 1
a: no special abilities


You were on level 2 of the Dungeon.
You visited 1 branch of the dungeon, and saw 2 of its levels.

You collected 33 gold pieces.

Inventory:

Hand Weapons
 a - a +0 long sword (weapon)
Armour
 b - a +0 scale mail (worn)
 c - a +0 buckler (worn)
Scrolls
 e - a scroll of amnesia {unknown}
Potions
 d - a potion of might
 f - 3 potions of curing {unknown}
 g - a potion of heal wounds {unknown}
 h - a potion of lignification {unknown}


   Skills:
 + Level 3.2 Fighting
 + Level 2.2 Long Blades
 + Level 3.1 Armour
 + Level 2.9 Shields


You had 2 spell levels left.
You didn't know any spells.
Your spell library contained the following spells:

 Spells                   Type           Power      Damage    Failure   Level
 Sublimation of Blood     Necr           0%         N/A       94%         2
 Wereblood                Tmut           0%         N/A       94%         2
 Summon Hydra             Summ           0%         N/A       100%        7


Dungeon Overview and Level Annotations

Branches:
Dungeon (2/15)

Altars:
Kikubaaqudgha

Annotations:
D:2 Robin


Innate Abilities, Weirdness & Mutations

You are partially covered in slimy green scales. (AC +2)
Your demonic aura sometimes causes spilled blood to erupt in flames.


Message History

The hobgoblin is severely wounded.
The hobgoblin hits you but does no damage.
You hit the hobgoblin.
You kill the hobgoblin!
The hobgoblin no longer looks unusually strong.
The goblin no longer looks unusually strong.
Unknown command.
Press < or > to pray at altars.
You hit the goblin.
The goblin is moderately wounded.
The goblin barely misses you. Robin throws the goblin at you!
The goblin hits you but does no damage. The goblin hits you with a +0 dagger.
Unknown command.
Press < or > to pray at altars.
You closely miss the goblin.
The goblin is moderately wounded.
The goblin hits you with a +0 dagger.
* * * LOW HITPOINT WARNING * * *
The goblin hits you but does no damage.
You hit the goblin.
You kill the goblin!
Robin roars a battlecry!
The goblins go into a battle-frenzy!
You block the goblin's attack.
Unknown command.
Press < or > to pray at altars.
The hobgoblin hits you.
* * * LOW HITPOINT WARNING * * *
Items here: ( )))) †.
Unknown command.
You barely miss the hobgoblin. The goblin hits you but does no damage.
The hobgoblin barely misses you. The goblin hits you but does no damage.
Unknown command.
You barely miss the hobgoblin.
The hobgoblin hits you but does no damage.
The goblin closely misses you. The hobgoblin hits you.
* * * LOW HITPOINT WARNING * * *
You closely miss the hobgoblin. The goblin hits you but does no damage.
The hobgoblin hits you.
You die...

.... ..... .. #....#
......# #....# .
####.#...# #....# #
..##..#.###.####....#.##
........................
####...................
...........#######g.#
#####...#.....)g@gg.#
........#†....#####.#
...###..#.......## ##.#
#..#.......# ##.#
#..#.......#
.#.###..#.......#
........#.......#
.#####..#.......# .#
#..#.......#


You could see Robin, 2 hobgoblins and a goblin (strong).

Vanquished Creatures
  2 dart slugs (D:1)
  3 bats
  An endoplasm (D:2)
  7 goblins
  2 hobgoblins
  2 jackals (D:1)
  A quokka (D:1)
  4 ball pythons
  2 kobolds (D:1)
  2 rats
26 creatures vanquished.

Vanquished Creatures (others)
  4 plants (D:1)
4 creatures vanquished.

Grand Total: 30 creatures vanquished

Notes
Turn   | Place    | Note
-------+----------+-------------------------------------------
     0 | D:1      | Morbidden the Demonspawn Fighter began the quest for the
                  | Orb.
     0 | D:1      | Reached XP level 1. HP: 18/18 MP: 1/1
   413 | D:1      | Gained mutation: You are partially covered in slimy green
                  | scales. (AC +2) [demonic ancestry]
   413 | D:1      | Reached XP level 2. HP: 24/24 MP: 2/2
  1187 | D:2      | Found an ancient bone altar of Kikubaaqudgha.
  1234 | D:2      | Found a faded altar of an unknown god.
  1241 | D:2      | Noticed Robin
  1255 | D:2      | Gained mutation: Your demonic aura sometimes causes spilled
                  | blood to erupt in flames. [demonic ancestry]
  1255 | D:2      | Reached XP level 3. HP: 12/29 MP: 3/3
  1263 | D:2      | HP: 1/29 [hobgoblin[Robin] (5)]
  1264 | D:2      | Slain by a hobgoblin

Illustrated notes

Levels and vault maps discovered:
D:1:      scummos_arrival_checkerplants, layout_basic,
          nicolae_concentric_dashed_squares_mild, hangedman_glass_teeth,
          serial_bayou_pond_c
D:2:      layout_basic, ebering_ecumenical_altar_rust, serial_shops,
          nicolae_square_shop, basic_altar, uniq_robin, uniq_natasha,
          uniq_sigmund

Skill      XL: |  1  2 |
---------------+-------+-----
Long Blades    | 2 |  2.2
Armour         | 3 |  3.1
Fighting       | |  3.2
Shields        | |  2.9

Action                   || total
-------------------------++-------
Melee: Long sword        ||    66
Armor: Scale mail        ||    33
Dodge: Dodged            ||    36
Block: Buckler           ||    20
